Map: Lightshade LE

Players

Scarlett - Winner!

  • Race: Zerg Zerg

Namshar

  • Race: Zerg Zerg

Event: DreamHack SC2 Masters 2021 Fall

VOD

Have the link to the VOD?

Description

Time

  • Played on: Aug. 11, 2021, 4:30 p.m.
  • Length: 7:42

All games in this series

Show
View Real Time Build Order
Export as new Build Order

Scarlett Zerg - Winner!

Build Orders: Pool First 

Get SALT Encoding   

  12  0:00  Drone  
  13  0:12  Overlord  
  13  0:17  Drone  
  14  0:30  Drone x2  
  14  0:34  Drone  
  17  0:45  Extractor, Drone  
  17  0:48  Spawning Pool  
  16  0:55  Drone  
  17  1:07  Drone  
  18  1:16  Hatchery  
  17  1:20  Drone  
  18  1:30  Drone  
  19  1:35  Queen  
  19  1:38  Zergling x2  
  22  1:45  Metabolic Boost  
  22  1:51  Overlord  
  22  2:10  Queen  
  22  2:11  Drone x2  
  26  2:19  Evolution Chamber  
  26  2:22  Drone  
  26  2:29  Drone  
  29  2:39  Drone x2  
  29  2:43  Drone x3  
  31  2:46  Zerg Ground Armor Level 1  
  31  2:50  Overlord  
  31  2:53  Zergling x2  
  31  2:56  Zergling x2  
  33  3:02  Queen  
  35  3:14  Drone x4  
  35  3:18  Overlord  
  39  3:23  Drone x3  
  39  3:25  Drone  
  43  3:38  Hatchery  
  43  3:41  Drone  
  43  3:44  Drone x2  
  45  3:49  Drone  
  45  3:50  Drone x2  
  45  3:52  Drone  
  45  3:53  Extractor  
  45  3:55  Overlord  
  48  4:01  Zergling x2  
  48  4:02  Zergling x4  
  51  4:06  Overlord  
  51  4:10  Roach Warren  
  51  4:15  Lair  
  50  4:18  Extractor  
  50  4:24  Zergling x8  
  53  4:32  Drone x5  
  58  4:40  Zerg Missile Weapons Level 1, Overlord  
  58  4:47  Zergling x8  
  61  4:55  Roach x4  
  68  5:00  Roach  
  68  5:03  Roach x2  
  68  5:05  Spine Crawler  
  71  5:10  Roach x3  
  71  5:12  Roach  
  79  5:15  Overlord  
  79  5:17  Ravager  
  79  5:18  Roach  
  82  5:31  Overlord  
  82  5:32  Glial Reconstitution  
  79  5:37  Roach x5  
  88  5:45  Roach  
  88  5:46  Overlord  
  88  5:47  Zergling x2, Roach  
  89  5:54  Roach x3  
  90  6:01  Roach x2  
  90  6:02  Roach  
  88  6:05  Roach  
  88  6:10  Roach  
  92  6:11  Roach  
  92  6:14  Zergling x4, Roach  
  96  6:19  Zergling x6  
  96  6:24  Zergling x2  
  96  6:25  Ravager  
  101  6:28  Overlord x2  
  101  6:33  Overlord  
  101  6:37  Roach  
  103  6:40  Roach  
  103  6:43  Overlord  
  102  6:49  Roach x2  
  102  6:52  Roach  
  102  7:00  Zergling x6  
  105  7:03  Ravager x2, Zergling x10  
  105  7:05  Zergling x2  
  112  7:12  Roach  
  112  7:13  Roach x2  
  115  7:16  Ravager  
  115  7:17  Zergling x4  
  115  7:22  Zergling x4  
  120  7:26  Ravager  
  115  7:34  Ravager  
Show
View Real Time Build Order
Export as new Build Order

Namshar Zerg 

Build Orders: Hatch First 

Get SALT Encoding   

  12  0:00  Drone  
  13  0:12  Overlord  
  13  0:16  Drone  
  14  0:30  Drone x2  
  16  0:47  Hatchery  
  15  0:51  Drone  
  15  0:54  Drone  
  17  1:08  Spawning Pool  
  17  1:10  Extractor  
  15  1:13  Drone  
  15  1:17  Drone  
  17  1:20  Drone  
  18  1:28  Drone  
  19  1:39  Drone  
  20  1:49  Overlord  
  20  1:54  Queen  
  20  1:58  Queen  
  20  1:59  Drone  
  20  2:00  Drone  
  26  2:09  Zergling x2  
  26  2:10  Zergling x2  
  28  2:22  Drone x2  
  30  2:34  Overlord  
  30  2:36  Lair  
  30  2:39  Queen  
  30  2:42  Drone x2  
  30  2:43  Drone  
  35  2:46  Evolution Chamber  
  34  2:53  Drone  
  34  2:54  Drone  
  36  3:02  Drone  
  36  3:04  Roach Warren  
  36  3:05  Drone x2  
  38  3:08  Drone  
  38  3:13  Drone x2  
  38  3:14  Drone  
  38  3:19  Zerg Missile Weapons Level 1  
  40  3:21  Drone  
  40  3:22  Drone  
  40  3:26  Extractor  
  41  3:28  Evolution Chamber  
  41  3:32  Overlord  
  40  3:37  Extractor  
  39  3:51  Glial Reconstitution  
  39  3:56  Roach x3  
  39  3:57  Roach  
  39  3:58  Queen  
  39  4:02  Overlord x2  
  49  4:04  Roach  
  51  4:18  Overlord  
  51  4:21  Roach  
  51  4:22  Roach x3  
  59  4:25  Roach  
  63  4:31  Roach  
  63  4:34  Overlord, Roach  
  65  4:41  Overlord  
  65  4:42  Roach x2  
  69  4:49  Roach  
  65  5:00  Roach x4  
  65  5:03  Queen  
  75  5:07  Roach  
  75  5:10  Roach  
  79  5:20  Roach x2  
  83  5:30  Overlord  
  83  5:31  Overlord  
  81  5:47  Roach x4  
  81  5:50  Roach x4  
  85  5:58  Roach x2  
  85  6:02  Roach x3  
  85  6:07  Roach  
  85  6:11  Roach  
  81  6:16  Roach  
  83  6:23  Roach  
  85  6:29  Roach  
  87  6:35  Roach  
  87  6:38  Ravager  
  90  6:42  Roach x2  
  94  6:50  Hatchery  
  94  6:53  Drone x6  
  87  7:15  Roach x4  
  89  7:20  Roach  
  89  7:22  Overlord x2  

Tags
 
Add a new tag
Caveats
  • Supply blocks, unpowered buildings, or Contaminate may cause inaccurate times.
  • Supply counts are checked every 10 seconds.